AoeStats
← [GG] Shevchenko 7

Arena

508565310Analyzed
1v1 RM · 10d ago on Sep 23, 2026· 36m 20s· 2 players
Game mode
Random Map
Map size
Tiny (2 player)
Population
200
Speed
Normal
Resources
Standard
Victory
Conquest
Starting age
Dark Age
Ending age
Imperial Age
RankedLock teamsTeams togetherTeam positionsShared explorationLock speedFull tech treeHidden civsTurbo modeCheats
Victory
Defeat
🇨🇭 Japanese · Switzerland
1143
+46
🇧🇷 Portuguese · Brazil
1166
-17
og_kilo
10:10 Feudal Age
14:16 Castle Age
13:50 Double-Bit Axe
15:33 Loom
18:05 Man-at-Arms
22:11 Atonement
25:37 Redemption
28:29 Horse Collar
29:59 Yasama
33:24 Imperial Age
31:04 Heavy Plow
31:59 Ballistics
31:33 Fletching
31:43 Scale Mail Armor
[GG] Shevchenko 7
9:57 Feudal Age
9:25 Loom
14:15 Castle Age
13:28 Double-Bit Axe
31:06 Imperial Age
30:35 Scale Barding Armor
32:21 Chain Barding Armor
34:00 Wheelbarrow
37:07 Plate Barding Armor
Connection lost

Rejoining the realm…

Still unreachable

The connection could not be restored.

Session expired

The server has moved on; the page needs a fresh start.